 Dungeon Sprint DCSS version 0.22.1-1-ga44c0e56f4 (webtiles) character file.

374 MuseOD the Covert (level 6, -12/35 HPs)
             Began as a Spriggan Enchanter on Sept 23, 2018.
             Mangled by a neqoxec (13 damage)
             ... in the Dungeon (Sprint II: "The Violet Keep of Menkaure").
             The game lasted 00:00:37 (110 turns).

MuseOD the Covert (Spriggan Enchanter)               Turns: 110, Time: 00:00:38

Health: -12/35     AC:  1    Str:  2      XL:     6   Next: 43%
Magic:  10/11      EV: 18    Int: 16 (17) God:
Gold:   0          SH:  0    Dex: 14      Spells: 9/10 levels left

rFire    . . .     SeeInvis +   a - +1 dagger
rCold    . . .     Gourm    .   (shield restricted)
rNeg     . . .     Faith    .   b - +0 robe
rPois    .         Spirit   .   (helmet restricted)
rElec    .         Reflect  .   (no cloak)
rCorr    .         Harm     .   (gloves unavailable)
MR       +....     Rnd*Rage +   (boots unavailable) Stlth +++++.....NoTele +
                                (no amulet)
HPRegen  0.11/turn              (no ring)
MPRegen  0.12/turn              (no ring)

@: very quick
A: very small, unfitting armour, see invisible, berserk 1, clumsy 1, deformed
body, dopey 1, herbivore, speed 3, slow metabolism 2, weak 1, evolution 1,
subdued magic 1
a: no special abilities


You were in the Dungeon.
You were not hungry.

You visited 1 branch

Inventory:

Hand Weapons
 a - a +1 dagger (weapon)
Armour
 b - a +0 robe (worn)
Scrolls
 j - a scroll of blinking
Potions
 h - 2 potions of magic
Comestibles
 d - a ration


   Skills:
 + Level 5.6 Fighting
 * Level 10.7 Short Blades
 - Level 3.0 Dodging
 + Level 11.4 Stealth
 - Level 2.6 Spellcasting
 - Level 3.6 Hexes


You had 9 spell levels left.
You knew the following spells:

 Your Spells              Type           Power        Failure   Level  Hunger
a - Corona                Hex            ##.....      3%          1    #......

Your spell library contained the following spells:

 Spells                   Type           Power        Failure   Level  Hunger
 Confuse                  Hex            ##......     11%         3    ###....
 Tukima's Dance           Hex            ##......     11%         3    ###....
 Ensorcelled Hibernation  Hex/Ice        #.....       12%         2    ##.....
 Dazzling Spray           Conj/Hex       #.....       24%         3    ###....


Dungeon Overview and Level Annotations

Branches:
Dungeon (1/1)

Altars:


Innate Abilities, Weirdness & Mutations

You are very small and have problems with some larger weapons.
You are too small for most types of armour.
You have supernaturally acute eyesight. (SInv)
You are a herbivore.
You cover ground extremely quickly.
You need to consume almost no food.
You tend to lose your temper in combat.
You are clumsy. (Dex -2)
Armour fits poorly on your strangely shaped body.
You are dopey. (Int -2)
You are weak. (Str -2)
You evolve.
Your spells are a little easier to cast, but a little less powerful.


Message History

* * * LOW HITPOINT WARNING * * *
The ufetubus misses you. The neqoxec hits you!
* * * LOW HITPOINT WARNING * * *
You hit the neqoxec.
The neqoxec is almost dead.
You feel yourself slow down. The ufetubus closely misses you.
The ufetubus hits you but does no damage.
You hit the neqoxec but do no damage.
The neqoxec is almost dead.
The neqoxec gestures at you.
Strange energies course through your body.
Your body twists and deforms.
You closely miss the neqoxec.
The neqoxec is almost dead.
The ufetubus barely misses you. The ufetubus completely misses you.
You closely miss the neqoxec.
The neqoxec is almost dead.
The ufetubus misses you. x2; The neqoxec hits you!
You die...

## ###
.##.. 55.
# #3# w#
##@##.#
+.5.+#
##.##.w.#
#+# w## #


You could see a neqoxec, a shadow imp and 2 ufetubi.

Vanquished Creatures
  3 neqoxecs (D)
3 creatures vanquished.

Notes
Turn   | Place    | Note
-------+----------+-------------------------------------------
     0 | D        | MuseOD the Spriggan Enchanter began the quest for the Orb.
     0 | D        | Reached XP level 1. HP: 9/9 MP: 5/5
     4 | D        | Noticed a neqoxec
     4 | D        | Noticed a neqoxec
     4 | D        | Noticed a neqoxec
     4 | D        | Noticed a neqoxec
     4 | D        | Gained mutation: Your magical capacity is low. (-10% MP) [a
                  | neqoxec]
     5 | D        | Gained mutation: You tend to lose your temper in combat. [a
                  | neqoxec]
     9 | D        | Noticed a crimson imp
    14 | D        | Gained mutation: You are dopey. (Int -2) [a neqoxec]
    17 | D        | Killed a neqoxec
    17 | D        | Reached skill level 8 in Stealth
    17 | D        | Reached XP level 2. HP: 17/17 MP: 6/6
    17 | D        | Reached XP level 3. HP: 21/21 MP: 7/7
    17 | D        | Reached XP level 4. HP: 25/25 MP: 8/8
    24 | D        | Killed a neqoxec
    24 | D        | Reached skill level 10 in Stealth
    24 | D        | Reached XP level 5. HP: 30/30 MP: 9/9
    30 | D        | Gained mutation: You are weak. (Str -2) [a neqoxec]
    34 | D        | Gained mutation: You evolve. [a neqoxec]
    39 | D        | Killed a neqoxec
    39 | D        | Reached skill level 5 in Fighting
    39 | D        | Reached skill level 10 in Short Blades
    39 | D        | Reached skill level 11 in Stealth
    39 | D        | Reached XP level 6. HP: 33/35 MP: 10/10
    48 | D        | Gained mutation: You are clumsy. (Dex -2) [a neqoxec]
    88 | D        | Gained mutation: Your spells are a little easier to cast,
                  | but a little less powerful. [a neqoxec]
    94 | D        | Lost mutation: Your magical capacity is low. (-10% MP) [a
                  | neqoxec]
   106 | D        | HP: 1/35 [neqoxec (9)]
   108 | D        | Gained mutation: Armour fits poorly on your strangely
                  | shaped body. [a neqoxec]
   110 | D        | Mangled by a neqoxec

Skill      XL: |  1  2  3  4  5 |
---------------+----------------+-----
Fighting       | 3 4 5 |  5.6
Short Blades   | 7 9 10 | 10.7
Stealth        | 8 10 11 | 11.4
Dodging        | |  3.0
Spellcasting   | |  2.6
Hexes          | |  3.6

Action                   |  1- 3 |  4- 6 || total
-------------------------+-------+-------++-------
Melee: Dagger            |    12 |    90 ||   102
  Use: Potion            |     1 |     3 ||     4
Armor: Robe              |     2 |     3 ||     5
Dodge: Dodged            |     4 |    51 ||    55
